 Dungeon Crawl Stone Soup version 0.29.1-14-g9c671dbff4 (webtiles) character file.

Game seed: 11351763927382345598

138 DemonSlayer the Digger (level 5, -1/35 HPs)
             Began as a Demonspawn Earth Elementalist on Feb 13, 2023.
             Frozen to death by an endoplasm (2 damage)
             ... on level 4 of the Dungeon.
             The game lasted 00:04:52 (2522 turns).

DemonSlayer the Digger (DsEE)                       Turns: 2522, Time: 00:04:54

Health: -1/35      AC:  5    Str: 11    XL:     5   Next: 1%
Magic:  1/1        EV: 12    Int: 20    God:
Gold:   115        SH:  0    Dex: 18    Spells: 2/10 levels left

rFire   + . .      SeeInvis .   q - +10 dagger "Ultimatum" {flame, rPois MP-9 Int+4 Dex+5}
rCold   . . .      Faith    .   (no shield)
rNeg    . . .      Spirit   .   a - +0 robe
rPois   +          Reflect  .   (no helmet)
rElec   .          Harm     .   (no cloak)
rCorr   .          Rampage  .   (no gloves)
Will    .....                   k - +0 pair of boots
Stlth   ++........              (no amulet)
HPRegen 0.11/turn               g - ring of protection from fire
MPRegen 0.07/turn               i - ring of poison resistance

@: no status effects
A: yellow scales 1, ignite blood 1
a: no special abilities


You were on level 4 of the Dungeon.
You visited 1 branch of the dungeon, and saw 4 of its levels.

You collected 115 gold pieces.

Inventory:

Hand Weapons
 j - a +2 dagger of flaming
 q - the +10 dagger "Ultimatum" (weapon) {flame, rPois MP-9 Int+4 Dex+5}
   (You found it on level 4 of the Dungeon)

   It burns those it strikes, dealing additional fire damage.
   Int:       It affects your intelligence (+4).
   Dex:       It affects your dexterity (+5).
   rPois:     It protects you from poison.
   MP:        It affects your magic capacity (-9).
Armour
 a - a +0 robe (worn)
 k - a +0 pair of boots (worn)
Jewellery
 e - a ring of fire
 g - a ring of protection from fire (left hand)
 i - a ring of poison resistance (right hand)
Wands
 l - a wand of polymorph (7)
Scrolls
 c - 2 scrolls of identify {unknown}
 d - a scroll of teleportation {unknown}
 f - a scroll of enchant armour {unknown}
 h - a scroll of vulnerability {unknown}
Potions
 b - 2 potions of ambrosia {unknown}
 m - a potion of mutation {unknown}
 n - a potion of lignification {unknown}
 o - a potion of heal wounds {unknown}
 p - a potion of brilliance {unknown}


   Skills:
 + Level 0.2 Fighting
 + Level 0.1 Short Blades
 + Level 2.2 Dodging
 + Level 2.2 Stealth
 + Level 0.2 Unarmed Combat
 + Level 3.3 Spellcasting
 + Level 0.8 Transmutations
 + Level 3.8 Earth Magic


You had 2 spell levels left.
You knew the following spells:

 Your Spells              Type           Power      Damage    Failure   Level
a - Sandblast             Erth           36%        2d10      2%          1
b - Stone Arrow           Conj/Erth      22%        3d8       19%         3
c - Petrify               Tmut/Erth      12%        N/A       45%         4

Your spell library contained the following spells:

 Spells                   Type           Power      Damage    Failure   Level
 Passwall                 Tmut/Erth      10%        N/A       8%          2
 Sting                    Tmut/Pois      20%        1d4       12%         1
 Poisonous Vapours        Pois/Air       6%         N/A       21%         2
 Dazzling Flash           Conj/Hex       6%         N/A       38%         3
 Olgreb's Toxic Radiance  Pois           3%         N/A       80%         4
 Agony                    Necr           3%         N/A       98%         5
 Silence                  Hex/Air        1%         N/A       98%         5


Dungeon Overview and Level Annotations

Branches:
Dungeon (4/15)
 Temple: D:4-7

Altars:


Innate Abilities, Weirdness & Mutations

You are partially covered in yellow scales. (AC +2)
Your demonic aura sometimes causes spilled blood to erupt in flames.


Message History

You barely miss the orc priest.
The orc priest hits you with a +0 flail.
The orc barely misses you.
You puncture the orc priest! You burn the orc priest.
The orc priest is almost dead.
The orc priest hits you with a +0 flail.
The orc hits you but does no damage.
An orc comes into view. It is wielding a +0 flail.
The orc shouts!
You puncture the orc priest! You burn the orc priest.
You kill the orc priest!
You hear a shout! x2
The orc hits you with a +0 hand axe.
You hit the orc. You burn the orc.
The orc is almost dead.
The orc misses you. The endoplasm hits you.
You puncture the orc! You burn the orc.
You kill the orc!
The endoplasm hits you but does no damage.
You have reached level 5!
You barely miss the endoplasm. The endoplasm freezes you.
You are frozen.
The dart slug barely misses you.
The orc priest mumbles some strange prayers to Beogh against you.
Beogh smites you!
* * * LOW HITPOINT WARNING * * *
You puncture the endoplasm! You burn the endoplasm.
You kill the endoplasm!
You barely miss the endoplasm. The dart slug launches a dart at you.
The slug dart misses you.
The endoplasm hits you but does no damage.
You hit the endoplasm. You burn the endoplasm.
The endoplasm is heavily wounded.
The dart slug launches a dart at you. The slug dart hits you.
* * * LOW HITPOINT WARNING * * *
The endoplasm freezes you.
You are frozen.
You die...

..............#
#.........###.#
####.#........#
.#..
..##.#.##..##....
o...
.....#†###.#####.
..... ..####.#
#.....## .[.# ..#
#.# ####...#
..<.# ..# #.#
##..##.#..#. ..#
#.. #..@wo.....
### #..
##..J...... #..
#.........
#..........
............
###..........
#....!.....
#..........
#.........K


You could see a dart slug, an orc and an endoplasm.

Vanquished Creatures
  An orc priest (D:4)
  A hound (D:4)
  4 adders
  A worm (D:2)
  2 dart slugs (D:1)
  An orc (D:4)
  2 ball pythons
  3 bats (D:2)
  2 endoplasms (D:4)
  2 giant cockroaches
  3 goblins
  2 hobgoblins
  2 jackals (D:1)
  2 quokkas
  6 frilled lizards
  2 kobolds
  3 rats
39 creatures vanquished.

Notes
Turn   | Place    | Note
-------+----------+-------------------------------------------
     0 | D:1      | DemonSlayer the Demonspawn Earth Elementalist began the
                  | quest for the Orb.
     0 | D:1      | Reached XP level 1. HP: 13/13 MP: 3/3
   624 | D:1      | Gained mutation: You are partially covered in yellow
                  | scales. (AC +2) [demonic ancestry]
   624 | D:1      | Reached XP level 2. HP: 19/19 MP: 3/5
  1142 | D:2      | Reached XP level 3. HP: 22/24 MP: 4/6
  1776 | D:2      | Found a faded altar of an unknown god.
  1776 | D:2      | Noticed a blizzard demon
  1961 | D:2      | Learned a level 3 spell: Stone Arrow
  2179 | D:3      | Gained mutation: Your demonic aura sometimes causes spilled
                  | blood to erupt in flames. [demonic ancestry]
  2179 | D:3      | Reached XP level 4. HP: 29/30 MP: 5/8
  2426 | D:3      | Learned a level 4 spell: Petrify
  2457 | D:4      | Identified the +10 dagger "Ultimatum" {flame, rPois MP-9
                  | Int+4 Dex+5}
  2519 | D:4      | Reached XP level 5. HP: 23/35 MP: 1/10
  2522 | D:4      | HP: 1/35 [dart slug/slug dart (4)]
  2522 | D:4      | Frozen to death by an endoplasm

Illustrated notes

Levels and vault maps discovered:
D:1:      heliophobic_arrival_enchanted_forest, layout_basic,
          chequers_serial_rivers_micro_a, serial_bayou_ford_a
D:2:      layout_basic, dreamdust_ecumenical_altar_sealed_demon
D:3:      layout_basic
D:4:      layout_rooms, gup_sewer_entry_bowl, ebering_ghost_inner_flame

Skill      XL: |  1  2  3  4 |
---------------+-------------+-----
Dodging        | 2 |  2.2
Earth Magic    | 3 |  3.8
Stealth        | 2 |  2.2
Spellcasting   | 3 |  3.3
Fighting       | |  0.2
Short Blades   | |  0.1
Unarmed Combat | |  0.2
Transmutations | |  0.8

Action                   |  1- 3 |  4- 6 || total
-------------------------+-------+-------++-------
Melee: Unarmed           |    24 |       ||    24
       Dagger            |     4 |    11 ||    15
 Cast: Sandblast         |    48 |     8 ||    56
  Use: Potion            |     1 |       ||     1
 Stab: Sleeping          |     1 |       ||     1
Armor: Robe              |    21 |     4 ||    25
Dodge: Dodged            |    41 |     8 ||    49
